 Dungeon Crawl Stone Soup version 0.30-a0-393-g54b8e3be05 (webtiles) character file.

Game seed: 2346775808158118679

47 lunkers the Slasher (level 4, 0/38 HPs)
             Began as a Meteoran Fighter on Dec 5, 2022.
             Slain by a gnoll
             ... wielding a +0 whip
              (3 damage)
             ... on level 2 of the Dungeon.
             The game lasted 00:00:54 (266 turns).

lunkers the Slasher (Meteoran Fighter)               Turns: 266, Time: 00:00:55

Health: 0/38       AC:  6    Str: 20    XL:     4   Next: 17%
Magic:  5/5        EV:  9    Int:  9    God:
Gold:   43         SH:  5    Dex: 13    Spells: 3/3 levels left

rFire   . . .      SeeInvis .    a - +0 long sword
rCold   . . .      Faith    .    c - +0 buckler
rNeg    . . .      Spirit   .    b - +0 scale mail
rPois   .          Reflect  .    (no helmet)
rElec   .          Harm     .    (no cloak)
rCorr   .          Rampage  .    (no gloves)
Will    .....                    (no boots)
Stlth   ..........               (no amulet)
HPRegen 0.26/turn                (no ring)
MPRegen 0.09/turn                (no ring)

@: glowing
A: sense surroundings 1, otherworldly, glowing, explore regen
a: no special abilities


You were on level 2 of the Dungeon.
You visited 1 branch of the dungeon, and saw 2 of its levels.

You collected 43 gold pieces.

Inventory:

Hand Weapons
 a - a +0 long sword (weapon)
Armour
 b - a +0 scale mail (worn)
 c - a +0 buckler (worn)
Jewellery
 e - a ring of protection from fire
Scrolls
 f - a scroll of butterflies {unknown}
 g - a scroll of silence {unknown}
 h - a scroll of blinking {unknown}
Potions
 d - a potion of might


   Skills:
 - Level 3.2 Fighting
 + Level 4.8 Long Blades
 - Level 3.6 Armour
 - Level 3.6 Shields


You had 3 spell levels left.
You didn't know any spells.
Your spell library was empty.

Dungeon Overview and Level Annotations

Branches:
Dungeon (2/15) Zot: 914

Altars:


Innate Abilities, Weirdness & Mutations

You passively map a small area around you.
You are easily found by Zot.
You glow in the dark.
You regain HP and MP as you explore.


Message History

You kill the hobgoblin!
You see here an adder corpse.
You now have 43 gold pieces (gained 10).
A gnoll comes into view. It is wielding a +0 whip.
Found a book of Burglary.
The gnoll shouts!
You hear a shout!
The gnoll throws a throwing net.
The throwing net hits you.
You become entangled in the net!
You see here a throwing net.
You are held in a net!
You are held in a net!
You are held in a net!
You are held in a net!
You are held in a net!
You tear a large gash into the net.
You struggle against the net.
You shred the net and break free!
A gnoll comes into view.
It is wielding a +0 halberd of protection.
You closely miss the gnoll. The gnoll closely misses you.
You closely miss the gnoll. The gnoll hits you with a +0 whip.
The gnoll hits you but does no damage.
You hit the gnoll.
The gnoll is lightly wounded.
The gnoll throws a throwing net.
The throwing net hits you.
You become entangled in the net!
You struggle against the net.
The gnoll hits you but does no damage.
The gnoll hits you from afar with a +0 halberd of protection.
You struggle against the net.
The gnoll hits you with a +0 whip.
* * * LOW HITPOINT WARNING * * *
The gnoll hits you from afar with a +0 halberd of protection!
* * * LOW HITPOINT WARNING * * *
You struggle against the net.
The gnoll hits you with a +0 whip.
* * * LOW HITPOINT WARNING * * *
A gnoll comes into view. It is wielding a +0 hand axe.
The gnoll hits you from afar with a +0 halberd of protection!
* * * LOW HITPOINT WARNING * * *
You rip the net and break free!
The gnoll shouts!
The gnoll hits you with a +0 whip.
You die...

,,......# * * *
#....# *. , ,
#....## #.#### * **
....:.#..... , ...
#g[.#.#* * *
#.##...#..# *
###....#g..# * *
###...####..# ** ,
#...#.†..g@.####..#
#
#.###..##........#
# ##.#
#..##.#..##### #
#..# #.....##...# #
#.###..#####*##.# #
##.#.>.## ..# #
##....## **.#
####....## .
..#..#### ## *


You could see 3 gnolls.

Vanquished Creatures
  Jessica (D:2)
  An adder (D:2)
  An endoplasm (D:1)
  2 goblins (D:1)
  2 hobgoblins
  2 ball pythons (D:1)
  2 kobolds (D:1)
  3 rats
14 creatures vanquished.

Notes
Turn   | Place    | Note
-------+----------+-------------------------------------------
     0 | D:1      | lunkers the Meteoran Fighter began the quest for the Orb.
     0 | D:1      | Reached XP level 1. HP: 19/19 MP: 2/2
    55 | D:1      | Reached skill level 3 in Long Blades
    55 | D:1      | Reached XP level 2. HP: 26/26 MP: 3/3
   204 | D:2      | Noticed Jessica
   212 | D:2      | Killed Jessica
   213 | D:2      | Reached skill level 4 in Long Blades
   213 | D:2      | Reached XP level 3. HP: 17/31 MP: 4/4
   247 | D:2      | Reached XP level 4. HP: 25/38 MP: 5/5
   266 | D:2      | Slain by a gnoll

Illustrated notes

Levels and vault maps discovered:
D:1:      dpeg_arrival_orchard, layout_basic
D:2:      layout_rooms, feat_on_display, uniq_jessica, uniq_natasha

Skill      XL: |  1  2 |
---------------+-------+-----
Long Blades    | 3 4 |  4.8
Fighting       | |  3.2
Armour         | |  3.6
Shields        | |  3.6

Action                   |  1- 3 |  4- 6 || total
-------------------------+-------+-------++-------
Melee: Long sword        |    43 |     4 ||    47
Armor: Scale mail        |    24 |     2 ||    26
Dodge: Dodged            |    14 |     1 ||    15
Block: Buckler           |    13 |       ||    13

Table legend: (Time is in decaauts)
 A = Elapsed time spent in this place.
 B = Non-inter-level travel time spent in this place.
 C = Inter-level travel time spent in this place.
 D = Time resting spent in this place.
 E = Time spent auto-exploring this place.
 F = Levels seen in this place.
 G = Mean time per level.
                   A        B        C        D        E       F      G
               +--------+--------+--------+--------+--------+-----+--------+
         Total |    284 |    284 |      0 |      0 |    151 |   2 |  142.0 |
       Dungeon |    284 |    284 |      0 |      0 |    151 |   2 |  142.0 |
               +--------+--------+--------+--------+--------+-----+--------+

Top non-repeatable levels by time:
     D:1: 206 daAuts
     D:2: 77 daAuts
